 Dungeon Crawl Stone Soup version 0.31-a0-846-gb3bcc0d938 (webtiles) character file.

Game seed: 5990573404045067136

113 CowFu the Slasher (level 4, 0/38 HPs)
             Began as a Draconian Monk on Oct 4, 2023.
             Was an Initiate of Gozag.
             Slain by a sleepcap (16 damage)
             ... on level 4 of the Dungeon.
             The game lasted 00:02:21 (2280 turns).

CowFu the Slasher (Draconian Monk)                  Turns: 2280, Time: 00:02:21

Health: 0/38       AC:  8    Str: 14    XL:     4   Next: 65%
Magic:  4/4        EV:  2    Int: 10    God:    Gozag
Gold:   134        SH:  0    Dex: 15    Spells: 3/3 levels left

rFire   . . .        a - +0 falchion
rCold   . . .        c - orb {light}
rNeg    . . .        (body armour unavailable)
rPois   .            (helmet restricted)
rElec   .            i - +2 cloak
rCorr   .            (no gloves)
SInv    .            (no boots)
Will    .....        (no amulet)
Stlth   +            (no ring)
HPRegen 0.26/turn    (no ring)
MPRegen 0.09/turn

%: no passive effects
@: sleeping, glowing
A: AC +5, unfitting armour, cold-blooded
a: Renounce Religion, Potion Petition, Call Merchant, Bribe Branch


You were on level 4 of the Dungeon.
You worshipped Gozag.
Gozag was aware of your devotion.
You visited 1 branch of the dungeon, and saw 4 of its levels.

You collected 134 gold pieces.

Inventory:

Hand Weapons
 a - a +0 falchion (weapon)
Missiles
 d - a throwing net
Armour
 c - an orb of light (worn)
 i - a +2 cloak (worn)
Jewellery
 h - an amulet of reflection
 s - a ring of protection from fire
Scrolls
 e - a scroll of vulnerability {unknown}
 f - a scroll of poison {unknown}
 g - a scroll of identify {unknown}
 l - a scroll of noise {unknown}
 n - a scroll of butterflies {unknown}
 o - a scroll of amnesia {unknown}
 p - a scroll of immolation {unknown}
 r - a scroll of fear {unknown}
Potions
 b - a potion of ambrosia
 j - 3 potions of attraction {unknown}
 k - a potion of invisibility {unknown}
 m - a potion of curing {unknown}
 q - a potion of enlightenment {unknown}
 t - a potion of magic {unknown}
 u - 2 potions of might {unknown}


   Skills:
 - Level 3.2 Fighting
 + Level 5.5 Long Blades
 - Level 2.6 Dodging


You had 3 spell levels left.
You didn't know any spells.
Your spell library contained the following spells:

 Spells                   Type           Power      Damage    Failure   Level
 Inner Flame              Hex/Fire       0%         N/A       75%         3
 Yara's Violent Unravell  Hex/Tmut       0%         3d3       100%        5
 Enfeeble                 Hex            0%         N/A       100%        7


Dungeon Overview and Level Annotations

Branches:
Dungeon (4/15)
 Temple: D:4-7

Altars:
Gozag
Qazlal

Shops:
D:1 !


Innate Abilities, Weirdness & Mutations

Your plain brown scales are hard. (AC +5)
You cannot fit into any form of body armour.
You are cold-blooded and may be slowed by cold attacks.


Message History

Things that are here:
a +0 hand axe; a +0 club You now have 134 gold pieces (gained 6).
You see here a +0 hand axe.
Things that are here:
a +0 hand axe; a +0 club
Found a stone staircase leading down.
Okay, then.
Found a stone staircase leading down.
A sleepcap comes into view.
You hit the sleepcap. You tail-slap the sleepcap.
The sleepcap is moderately damaged.
The sleepcap releases spores at you but does no damage.
You hit the sleepcap but do no damage. You tail-slap the sleepcap.
The sleepcap is moderately damaged.
The sleepcap barely misses you.
You completely miss the sleepcap.
The sleepcap is moderately damaged.
The sleepcap releases spores at you.
You hit the sleepcap.
The sleepcap is heavily damaged.
The sleepcap completely misses you.
You hit the sleepcap.
The sleepcap is heavily damaged.
The sleepcap releases spores at you.
You hit the sleepcap.
You tail-slap the sleepcap, but do no damage.
The sleepcap is heavily damaged.
The sleepcap releases spores at you but does no damage.
You slash the sleepcap!
The sleepcap is almost destroyed.
The sleepcap barely misses you.
You hit the sleepcap. You tail-slap the sleepcap.
The sleepcap is almost destroyed.
The sleepcap releases spores at you.
You are engulfed in a cloud of soporific spores!
You fall asleep.
The sleepcap releases spores at you!
You die...
Your body crumbles into a pile of gold.

#.......##...#
............# # #
#...........#### ..##
#...............
....#####...............
....................# #
....>..............#
...................#
..##..@..........##
##f...#.......##
....####.......## #
......# ##.......####
......... #.......##..
......... ##..........
......... ##.........
.......... #...>....#
#....##...


You could see a sleepcap.

Vanquished Creatures
  An orc priest (D:4)
  2 adders
  2 dart slugs
  6 orcs
  5 endoplasms
  2 goblins
  4 hobgoblins
  7 jackals
  5 kobolds
  4 quokkas
  4 ball pythons
  6 bats
  2 frilled lizards (D:2)
  2 rats
52 creatures vanquished.

Notes
Turn   | Place    | Note
-------+----------+-------------------------------------------
     0 | D:1      | CowFu the Draconian Monk began the quest for the Orb.
     0 | D:1      | Reached XP level 1. HP: 19/19 MP: 1/1
    98 | D:1      | Found Gocec's Distillery.
   189 | D:1      | Reached XP level 2. HP: 26/26 MP: 2/2
   756 | D:2      | Reached skill level 4 in Long Blades
   756 | D:2      | Reached XP level 3. HP: 28/31 MP: 3/3
  1921 | D:3      | Reached XP level 4. HP: 38/38 MP: 4/4
  2045 | D:3      | Reached skill level 5 in Long Blades
  2157 | D:4      | Found a stormy altar of Qazlal.
  2196 | D:4      | Found an opulent altar of Gozag.
  2201 | D:4      | Found an opulent altar of Gozag.
  2206 | D:4      | Found an opulent altar of Gozag.
  2215 | D:4      | Became a worshipper of Gozag Ym Sagoz the Greedy
  2222 | D:4      | Found an opulent altar of Gozag.
  2280 | D:4      | Slain by a sleepcap

Illustrated notes

Levels and vault maps discovered:
D:1:      ebering_hopf_link, layout_basic, serial_shops, nicolae_shop_stone
D:2:      layout_loops_ring
D:3:      layout_basic
D:4:      layout_layer_cave, mainiacjoe_overflow_alcove_1,
          nicolae_gozag_conspicuous_consumption, amcnicky_altar_gilded,
          serial_shops, nicolae_shop_just_a_little_nook, enter_ossuary_2,
          uniq_eustachio

Skill      XL: |  1  2  3  4 |
---------------+-------------+-----
Long Blades    | 4 5 |  5.5
Fighting       | |  3.2
Dodging        | |  2.6

Action                     |  1- 3 |  4- 6 || total
---------------------------+-------+-------++-------
  Melee: Falchion          |    95 |    41 ||   136
         Tailslap          |    13 |     9 ||    22
 Armour: Skin              |    54 |    23 ||    77
  Dodge: Dodged            |    62 |    32 ||    94

Table legend: (Time is in decaauts)
 A = Elapsed time spent in this place.
 B = Non-inter-level travel time spent in this place.
 C = Inter-level travel time spent in this place.
 D = Time resting spent in this place.
 E = Time spent auto-exploring this place.
 F = Levels seen in this place.
 G = Mean time per level.
                   A        B        C        D        E       F      G
               +--------+--------+--------+--------+--------+-----+--------+
         Total |   2292 |   2203 |     89 |      0 |   1798 |   4 |  573.0 |
       Dungeon |   2292 |   2203 |     89 |      0 |   1798 |   4 |  573.0 |
               +--------+--------+--------+--------+--------+-----+--------+

Top non-repeatable levels by time:
     D:3: 769 daAuts
     D:2: 704 daAuts
     D:1: 675 daAuts
     D:4: 143 daAuts
